 Dungeon Crawl Stone Soup version 0.25-a0-403-g49d089a364 (webtiles) character file.

Game seed: 16649481911064494362, levelgen mode: deterministic

1 Erk the Firebug (level 1, -1/14 HPs)
             Began as a Draconian Fire Elementalist on Jan 9, 2020.
             Slain by a leopard gecko (5 damage)
             ... on level 1 of the Dungeon.
             The game lasted 00:00:27 (39 turns).

Erk the Firebug (Draconian Fire Elementalist)         Turns: 39, Time: 00:00:28

Health: -1/14      AC:  4    Str: 10    XL:     1   Next: 16%
Magic:  1/3        EV: 12    Int: 15    God:
Gold:   0          SH:  0    Dex: 11    Spells: 3/4 levels left

rFire    . . .     SeeInvis .   (no weapon)
rCold    . . .     Gourm    .   (no shield)
rNeg     . . .     Faith    .   (armour unavailable)
rPois    .         Spirit   .   (helmet restricted)
rElec    .         Reflect  .   (no cloak)
rCorr    .         Harm     .   (no gloves)
MR       .....                  (no boots)
Stlth    ++........             (no amulet)
HPRegen  0.04/turn              (no ring)
MPRegen  0.08/turn              (no ring)

@: no status effects
A: unfitting armour, cold-blooded, AC +4
a: no special abilities


You were on level 1 of the Dungeon.
You were not hungry.

You visited 1 branch of the dungeon, and saw 1 of its levels.

Inventory:

Potions
 a - a potion of mutation {unknown}
Comestibles
 b - a ration


   Skills:
 + Level 0.1 Fighting
 - Level 1.7 Dodging
 - Level 1.7 Stealth
 + Level 2.0 Spellcasting
 + Level 1.0 Conjurations
 + Level 3.0 Fire Magic


You had 3 spell levels left.
You knew the following spells:

 Your Spells              Type           Power        Failure   Level  Hunger
a - Foxfire               Conj/Fire      #...         10%         1    #......

Your spell library contained the following spells:

 Spells                   Type           Power        Failure   Level  Hunger
 Conjure Flame            Conj/Fire      #.......     28%         3    ###....
 Inner Flame              Hex/Fire       #.......     34%         3    ###....
 Sticky Flame             Conj/Fire      #.......     67%         4    #####..
 Fireball                 Conj/Fire      #.........   95%         5    ######.


Dungeon Overview and Level Annotations

Branches:
Dungeon (1/15)

Altars:


Innate Abilities, Weirdness & Mutations

Your plain brown scales are hard. (AC +4)
You cannot fit into any form of body armour.
You are cold-blooded and may be slowed by cold attacks.


Message History

The giant cockroach barely misses you. The leopard gecko misses you.
You closely miss the giant cockroach.
The giant cockroach is severely wounded.
The giant cockroach bites you but does no damage.
The leopard gecko bites you.
* * * LOW HITPOINT WARNING * * *
You hit the giant cockroach but do no damage.
The giant cockroach is severely wounded.
The giant cockroach closely misses you.
The leopard gecko bites you but does no damage.
The giant cockroach closely misses you.
You hit the giant cockroach.
You kill the giant cockroach!
The leopard gecko bites you but does no damage. x2
The leopard gecko bites you but does no damage.
You see here a giant cockroach corpse.
You miss the leopard gecko.
The leopard gecko bites you but does no damage.
You closely miss the leopard gecko. The leopard gecko bites you.
You die...

#. ##### #..
####8<8#### #..##
##.........## ##....#
#8.........8# .......
#...........#
....!.$####8.........8#
........l.##.........##
......).@###.........#
.......#..######'#####
.......##.###....#
....... #.....####
...(... #.....# ....>..
#.....# ####### #######


You could see a leopard gecko.

Vanquished Creatures
  A giant cockroach (D:1)
1 creature vanquished.

Vanquished Creatures (others)
  A foxfire (D:1)
1 creature vanquished.

Grand Total: 2 creatures vanquished

Notes
Turn   | Place    | Note
-------+----------+-------------------------------------------
     0 | D:1      | Erk the Draconian Fire Elementalist began the quest for the
                  | Orb.
     0 | D:1      | Reached XP level 1. HP: 14/14 MP: 3/3
    39 | D:1      | Slain by a leopard gecko

Levels and vault maps discovered:
D:1:      mrwooster_arrival_statue_3, layout_rooms

Action                   || total
-------------------------++-------
Melee: Unarmed           ||    16
 Cast: Foxfire           ||     3
Armor: Skin              ||    15
Dodge: Dodged            ||    21

Table legend:
 A = Non-vault XP
 B = Vault XP
 C = Vault XP percentage of total XP
 D = Non-vault monster count
 E = Vault monster count
 F = Vault count percentage of total count
                 A         B        C        D         E       F
            +---------+---------+-------+---------+---------+-------
      Total |       2 |       0 |   0.0 |       1 |       0 |   0.0
            +---------+---------+-------+---------+---------+-------
        D:1 |       2 |       0 |   0.0 |       1 |       0 |   0.0
            +---------+---------+-------+---------+---------+-------
